 Dungeon Crawl Stone Soup version 0.32-a0-834-geaf45d8e21 (webtiles) character file.

Game seed: 2405287840936577096

640 zenocrate the Insei (level 7, -3/48 HPs)
             Began as an Octopode Earth Elementalist on Mar 25, 2024.
             Slain by a phantom (8 damage)
             ... on level 5 of the Dungeon.
             The game lasted 00:05:22 (4220 turns).

zenocrate the Insei (Octopode Earth Elementalist)   Turns: 4220, Time: 00:05:22

Health: -3/48      AC:  1    Str:  9    XL:     7   Next: 51%
Magic:  7/10       EV: 12    Int: 18    God:
Gold:   230        SH:  0    Dex: 12    Spells: 3/10 levels left

rFire   . .          .
                       - Unarmed
rCold   . . .        (no shield)
rNeg    . . .        (helmet restricted)
rPois   .            (no amulet)
rElec   .            (no ring)
rCorr   .            (no ring)
SInv    .            (no ring)
Will    .....        (no ring)
Stlth   +++          (no ring)
HPRegen 0.28/turn    (no ring)
MPRegen 0.12/turn    (no ring)
                     (no ring)

%: no passive effects
@: brilliant
A: almost no armour, amphibious, 8 rings, camouflage 1, gelatinous body 1,
(nimble swimmer 1), tentacles, beak
a: no special abilities


You were on level 5 of the Dungeon.
You visited 1 branch of the dungeon, and saw 5 of its levels.

You collected 230 gold pieces.

Inventory:

Hand Weapons
 f - the +7 hand axe "Huoli" {drain, ^Contam rF+ rN++}
   (You found it on level 2 of the Dungeon)

   rF+:       It protects you from fire.
   rN++:      It greatly protects you from negative energy.
   ^Contam:   It causes magical contamination when unequipped.
Talismans
 m - a maw talisman
Wands
 g - a wand of flame (6)
Scrolls
 b - a scroll of enchant armour {unknown}
 e - 3 scrolls of fear
 j - 3 scrolls of enchant weapon {unknown}
 k - 2 scrolls of immolation {unknown}
 l - a scroll of blinking {unknown}
 n - a scroll of torment {unknown}
 p - 2 scrolls of revelation {unknown}
 r - a scroll of teleportation {unknown}
Potions
 a - a potion of magic
 c - a potion of might {unknown}
 d - a potion of cancellation
 h - a potion of brilliance
 i - 2 potions of lignification {unknown}
 o - a potion of enlightenment
 q - a potion of attraction {unknown}


   Skills:
 + Level 4.0 Fighting
 - Level 2.0 Dodging
 - Level 2.6 Stealth
 + Level 5.3 Unarmed Combat
 - Level 2.0 Spellcasting
 - Level 1.0 Conjurations
 - Level 3.0 Earth Magic
 + Level 3.0 Shapeshifting


You had 3 spell levels left.
You knew the following spells:

 Your Spells              Type           Power      Damage    Failure   Level
a - Sandblast             Erth           36%        2d10      5%          1
b - Stone Arrow           Conj/Erth      26%        3d8       24%         3
z - Passwall              Erth           18%        N/A       16%         3

Your spell library contained the following spells:

 Spells                   Type           Power      Damage    Failure   Level
 Sting                    Conj/Alch      20%        1d4       14%         1
 Mercury Vapours          Alch/Air       4%         N/A       26%         2
 Brom's Barrelling Bould  Conj/Erth      13%        2d4       61%         4
 Leda's Liquefaction      Alch/Erth      5%         N/A       67%         4
 Petrify                  Alch/Erth      10%        N/A       67%         4
 Olgreb's Toxic Radiance  Alch           2%         N/A       87%         4
 Metabolic Englaciation   Hex/Ice        1%         N/A       99%         5


Dungeon Overview and Level Annotations

Branches:
Dungeon (5/15)
 Temple: D:4-7

Altars:
Fedhas


Innate Abilities, Weirdness & Mutations

You cannot wear most types of armour.
You are amphibious.
You can wear up to eight rings at the same time.
Your skin changes colour to match your surroundings (Stealth+).
Your rubbery body absorbs attacks. (AC +1, EV +1)
((You are camouflaged when in or above water. (Stealth+)))
You have tentacles for arms and can constrict up to eight enemies at once.
You have a beak for a mouth.


Message History

The hound barks!
The phantom hits you.
You tentacle-slap the phantom. Your squeeze misses the phantom.
The phantom is moderately damaged.
The phantom hits you.
You tentacle-slap the phantom. You peck the phantom, but do no damage.
You squeeze the phantom, but do no damage.
The phantom is heavily damaged.
The phantom hits you!
The phantom blinks!
You blink.
Unknown command.
You tentacle-slap the phantom but do no damage.
Your peck misses the phantom.
The phantom is heavily damaged.
The phantom misses you.
You tentacle-slap the phantom.
The phantom is heavily damaged.
The phantom hits you.
* * * LOW HITPOINT WARNING * * *
Unknown command.
Okay, then.
Aiming: Throw Flame
Press: ? - help, Shift-Dir - straight line, f - phantom
Aim: a phantom (heavily damaged, 56% to hit)
The puff of flame hits the phantom.
The phantom is severely damaged.
The phantom hits you.
* * * LOW HITPOINT WARNING * * *
It was a potion of brilliance.
You feel clever all of a sudden. The phantom hits you.
* * * LOW HITPOINT WARNING * * *
The phantom blinks!
You blink.
Found a stone staircase leading down.
Casting: Sandblast (safe; 5% risk of failure)
Confirm with . or Enter, or press ? or * to list all spells.
Aiming: Stone Arrow (dangerous; 24% risk of failure)
Press: ? - help, Shift-Dir - straight line, f/p - phantom
Aim: a phantom (severely damaged, 56% to hit)
You feel a surge of power!
The stone arrow misses the phantom.
The phantom hits you!
You die...

#...# #..# ... #...#
#.## #.# #.# #>#. ##.##
##.#. ##...# ..#.
##[.... #.#.# #......
#W#.# ###...##
####@..#######≈≈~~~≈≈
...............####...##
#######.#.h####?........
## #...........#......
.# #....#.#.###......>..
.# ..##...#.!.###...<...
##. . ##.. .....<.......
#.. ##. #.#####.....#
#.# #. ./ #.#####


You could see a phantom and a hound.

Vanquished Creatures
  2 ogres (D:5)
  A bombardier beetle (D:4)
  3 hounds
  An orc priest (D:5)
  A jelly (D:5)
  A sleepcap (D:5)
  An iguana (D:5)
  2 orc wizards (D:5)
  9 adders
  4 dart slugs
  4 ribbon worms
  10 orcs (D:5)
  3 ball pythons
  7 bats
  13 endoplasms
  6 giant cockroaches
  5 goblins
  3 hobgoblins
  A quokka (D:5)
  3 frilled lizards
  7 kobolds
  7 rats
94 creatures vanquished.

Notes
Turn   | Place    | Note
-------+----------+-------------------------------------------
     0 | D:1      | zenocrate the Octopode Earth Elementalist began the quest
                  | for the Orb.
     0 | D:1      | Reached XP level 1. HP: 11/11 MP: 3/3
   209 | D:1      | Reached skill level 1 in Unarmed Combat
   271 | D:1      | Reached XP level 2. HP: 17/17 MP: 5/5
   779 | D:1      | Reached skill level 2 in Unarmed Combat
  1334 | D:2      | Reached XP level 3. HP: 18/21 MP: 6/6
  1349 | D:2      | Identified the +7 hand axe "Huoli" {drain, ^Contam rF+
                  | rN++}
  1359 | D:2      | Reached skill level 3 in Unarmed Combat
  1395 | D:2      | Found a faded altar of an unknown god.
  1452 | D:2      | Reached XP level 4. HP: 7/27 MP: 7/7
  2004 | D:3      | Reached skill level 1 in Fighting
  2323 | D:3      | Reached XP level 5. HP: 33/34 MP: 8/8
  2402 | D:3      | Reached skill level 4 in Unarmed Combat
  2634 | D:4      | Reached skill level 1 in Shapeshifting
  2792 | D:4      | Found a blossoming altar of Fedhas.
  2814 | D:4      | Gained mutation: Your mind is acute. (Int +4, Str/Dex -1)
                  | [potion of mutation]
  2814 | D:4      | Gained mutation: You occasionally lose the ability to read
                  | scrolls when taking damage. [potion of mutation]
  2814 | D:4      | Gained mutation: You possess an exceptional clarity of
                  | mind. [potion of mutation]
  2815 | D:4      | Lost mutation: You possess an exceptional clarity of mind.
                  | [potion of mutation]
  2815 | D:4      | Lost mutation: You occasionally lose the ability to read
                  | scrolls when taking damage. [potion of mutation]
  2815 | D:4      | Lost mutation: Your mind is acute. (Int +4, Str/Dex -1)
                  | [potion of mutation]
  2815 | D:4      | Gained mutation: Your magical capacity is low. (-10% MP)
                  | [potion of mutation]
  2815 | D:4      | Gained mutation: You have a beak for a mouth. [potion of
                  | mutation]
  2815 | D:4      | Lost mutation: Your magical capacity is low. (-10% MP)
                  | [potion of mutation]
  2990 | D:4      | HP: 1/35 [burnt (4)]
  3474 | D:4      | Learned a level 3 spell: Stone Arrow
  3478 | D:4      | Learned a level 3 spell: Passwall
  3570 | D:5      | Entered Level 5 of the Dungeon
  3575 | D:5      | Reached XP level 6. HP: 40/41 MP: 9/9
  3857 | D:5      | Reached XP level 7. HP: 45/46 MP: 10/10
  3910 | D:5      | Reached skill level 5 in Unarmed Combat
  3930 | D:5      | HP: 1/47 [ogre/+0 giant spiked club (26)]
  4220 | D:5      | Slain by a phantom

Illustrated notes

Levels and vault maps discovered:
D:1:      psy_arrival_radial01, layout_basic, nrook_mini_vaults
D:2:      layout_basic, basic_ecumenical_altar, grunt_decor_junction,
          kennysheep_generic_room_5
D:3:      layout_rooms, minmay_circle_x
D:4:      layout_basic, fedhas_ov_isle_minmay
D:5:      layout_rooms, chequers_serial_rivers_micro_a

Skill      XL: |  1  2  3  4  5  6  7 |
---------------+----------------------+-----
Unarmed Combat | 1 2 3 4 5 |  5.3
Fighting       | 1 2 3 4 |  4.0
Shapeshifting  | 1 2 3 |  3.0
Dodging        | |  2.0
Stealth        | |  2.6
Spellcasting   | |  2.0
Conjurations   | |  1.0
Earth Magic    | |  3.0

Action                     |  1- 3 |  4- 6 |  7- 9 || total
---------------------------+-------+-------+-------++-------
  Melee: Unarmed           |    61 |   108 |    31 ||   200
         Tentacles         |    19 |    30 |    11 ||    60
         Constrict         |    17 |    31 |     8 ||    56
         Punch             |     2 |     3 |     2 ||     7
         Peck              |       |    11 |    11 ||    22
   Cast: Sandblast         |     3 |     4 |     5 ||    12
         Stone Arrow       |       |       |     1 ||     1
  Evoke: Wand              |       |       |     1 ||     1
    Use: Scroll            |       |     5 |       ||     5
         Potion            |       |     3 |     2 ||     5
   Stab: Sleeping          |     7 |    11 |     1 ||    19
         Distracted        |       |     1 |       ||     1
 Armour: Skin              |    18 |    46 |    21 ||    85
  Dodge: Dodged            |    32 |    58 |    14 ||   104

Table legend: (Time is in decaauts)
 A = Elapsed time spent in this place.
 B = Non-inter-level travel time spent in this place.
 C = Inter-level travel time spent in this place.
 D = Time resting spent in this place.
 E = Time spent auto-exploring this place.
 F = Levels seen in this place.
 G = Mean time per level.
                   A        B        C        D        E       F      G
               +--------+--------+--------+--------+--------+-----+--------+
         Total |   4210 |   4025 |    185 |      0 |   3364 |   5 |  842.0 |
       Dungeon |   4210 |   4025 |    185 |      0 |   3364 |   5 |  842.0 |
               +--------+--------+--------+--------+--------+-----+--------+

Top non-repeatable levels by time:
     D:1: 1316 daAuts
     D:4: 985 daAuts
     D:2: 679 daAuts
     D:5: 649 daAuts
     D:3: 580 daAuts
